Map: Para Site LE

Players

Kevin - Winner!

  • Race: Protoss Protoss
  • League: Silver
  • Spawn Location: 11:00

radicalrj

  • Race: Zerg Zerg
  • League: Silver
  • Spawn Location: 5:00

VOD

Have the link to the VOD?

Description

Time

  • Played on: Aug. 27, 2018, 1:17 p.m.
  • Length: 13:28
Show
View Real Time Build Order
Export as new Build Order

Kevin Protoss - Winner!

Build Orders: 1 Gate Expand 

Get SALT Encoding   

  1  0:00  Probe  
  12  0:05  Probe  
  14  0:15  Probe  
  15  0:25  Pylon  
  15  0:45  Probe  
  15  0:47  Gateway  
  16  0:55  Gateway  
  17  0:57  Probe  
  17  1:05  Pylon  
  17  1:07  Probe  
  17  1:08  Assimilator  
  18  1:15  Probe  
  19  1:41  Nexus  
  19  1:45  Zealot  
  21  1:52  Zealot  
  23  2:02  Assimilator  
  23  2:03  Probe  
  25  2:15  Probe, Zealot  
  25  2:19  Zealot  
  29  2:28  Cybernetics Core  
  29  2:31  Probe  
  30  2:52  Pylon  
  30  2:53  Probe  
  30  2:55  Zealot x2  
  35  3:02  Probe  
  35  3:11  Warp Gate  
  36  3:18  Stargate  
  36  3:23  Twilight Council  
  28  4:15  Adept x2, Probe  
  30  4:20  Probe  
  30  4:23  Probe  
  30  4:24  Void Ray  
  30  4:28  Probe  
  35  4:33  Probe, Adept x2  
  35  4:38  Probe  
  37  4:45  Probe  
  43  4:50  Probe  
  44  5:02  Void Ray, Assimilator  
  44  5:06  Assimilator  
  44  5:08  Probe  
  49  5:20  Probe  
  50  5:21  Pylon  
  50  5:27  Gateway x2  
  50  5:32  Pylon  
  50  5:40  Stalker x2  
  50  5:42  Oracle  
  57  5:56  Resonating Glaives  
  57  6:12  Probe  
  57  6:15  Probe  
  57  6:16  Void Ray  
  59  6:24  Probe  
  64  6:27  Probe  
  64  6:28  Nexus  
  65  6:35  Pylon  
  65  6:36  Probe  
  65  6:39  Probe  
  67  6:43  Adept  
  69  6:50  Pylon  
  69  6:51  Pylon x2  
  66  7:14  Void Ray  
  70  7:37  Stargate  
  70  7:40  Stargate  
  70  7:44  Adept x4  
  72  7:49  Probe  
  78  7:53  Probe  
  78  7:54  Void Ray  
  78  7:58  Probe  
  84  8:01  Probe  
  84  8:05  Adept x3  
  87  8:06  Adept  
  94  8:14  Protoss Air Weapons Level 1  
  94  8:16  Void Ray x2  
  98  8:30  Void Ray  
  102  8:40  Adept  
  102  8:41  Adept x2  
  110  8:42  Adept  
  114  8:59  Pylon  
  76  9:25  Void Ray  
  76  9:28  Void Ray x2  
  88  9:42  Assimilator  
  88  9:44  Assimilator  
  88  9:48  Probe  
  88  9:49  Pylon  
  89  9:53  Probe  
  89  9:56  Probe  
  90  10:01  Probe  
  90  10:05  Probe, Void Ray  
  90  10:06  Probe  
  93  10:09  Protoss Air Armor Level 1  
  93  10:10  Void Ray  
  93  10:11  Void Ray  
  102  10:18  Probe x2  
  108  10:25  Fleet Beacon  
  108  10:32  Cybernetics Core  
  108  10:34  Forge  
  108  10:35  Pylon  
  108  10:36  Pylon  
  108  10:50  Void Ray  
  108  10:56  Void Ray x2  
  120  11:29  Protoss Shields Level 1  
  120  11:33  Void Ray  
  120  11:39  Void Ray x2  
  132  12:16  Void Ray  
  132  12:17  Pylon  
  132  12:18  Pylon  
  132  12:21  Pylon x2  
  132  12:22  Void Ray x2  
  144  12:23  Pylon  
  120  13:00  Photon Cannon  
  120  13:02  Photon Cannon  
Show
View Real Time Build Order
Export as new Build Order

radicalrj Zerg 

Build Orders: Pool First, Lurkers 

Get SALT Encoding   

  12  0:01  Drone  
  13  0:13  Overlord  
  14  0:21  Drone  
  14  0:32  Drone x2  
  16  0:40  Drone  
  17  0:48  Spawning Pool  
  16  0:53  Drone  
  17  1:13  Hatchery  
  16  1:20  Drone x2  
  16  1:23  Drone  
  19  1:27  Extractor  
  18  1:34  Drone  
  18  1:37  Queen  
  21  1:43  Overlord  
  21  1:58  Evolution Chamber  
  21  2:01  Drone  
  21  2:02  Roach Warren  
  20  2:19  Drone x2  
  22  2:25  Queen  
  22  2:27  Drone  
  25  2:30  Drone  
  26  2:41  Zerg Missile Weapons Level 1  
  26  2:43  Roach  
  28  2:50  Roach  
  30  2:55  Extractor  
  30  2:57  Drone  
  30  2:59  Drone  
  30  3:03  Drone x3  
  34  3:10  Roach  
  36  3:14  Overlord  
  36  3:31  Overlord  
  36  3:32  Overlord  
  36  3:34  Roach x3  
  42  3:42  Overlord  
  40  3:52  Zergling x8  
  33  4:19  Queen  
  33  4:20  Drone  
  33  4:21  Drone x7  
  43  4:25  Extractor  
  43  4:27  Lair  
  42  4:34  Roach x2  
  46  5:05  Spore Crawler  
  46  5:06  Hatchery  
  44  5:10  Spore Crawler  
  44  5:12  Drone  
  44  5:13  Drone x2  
  46  5:19  Roach x4  
  46  5:20  Roach  
  56  5:27  Zerg Ground Armor Level 1  
  56  5:49  Hydralisk Den  
  55  6:19  Grooved Spines  
  55  6:22  Hydralisk  
  55  6:23  Hydralisk x2  
  61  6:26  Drone x7  
  61  6:27  Drone x2  
  61  6:28  Overlord x2  
  61  6:32  Queen  
  72  6:46  Hydralisk x3  
  78  6:56  Spore Crawler  
  78  6:58  Spore Crawler  
  75  7:01  Spore Crawler  
  75  7:02  Spore Crawler  
  73  7:16  Hydralisk x5  
  73  7:20  Zerg Missile Weapons Level 2  
  83  7:32  Overlord x3  
  83  7:59  Overlord  
  83  8:00  Overlord x2  
  83  8:15  Drone x4  
  83  8:18  Hydralisk x6  
  99  8:32  Overseer  
  99  8:44  Hydralisk x6  
  70  9:36  Zerg Ground Armor Level 2  
  70  9:40  Hydralisk x3  
  70  9:41  Hydralisk x9  
  94  9:55  Extractor  
  94  9:58  Drone x4  
  94  9:59  Drone x2  
  99  10:17  Lurker Den  
  98  10:22  Extractor  
  97  10:29  Hydralisk  
  97  10:30  Hydralisk x4  
  107  10:52  Overlord x3  
  107  10:53  Hydralisk x3  
  107  10:54  Hydralisk x2  
  117  11:00  Hatchery  
  116  11:48  Lurker, Infestation Pit  
  116  11:49  Lurker x4  
  120  12:03  Drone x4  
  82  12:42  Hydralisk  
  82  12:43  Hydralisk x13  
  94  12:51  Queen  
  94  12:58  Hydralisk x4  
  98  13:03  Spore Crawler  
  103  13:08  Spore Crawler  
Tags
 
Add a new tag
Caveats
  • Supply blocks, unpowered buildings, or Contaminate may cause inaccurate times.
  • Supply counts are checked every 10 seconds.